NYP
WEST VIRGINIA BLACK BEARS @ MAHONING VALLEY SCRAPPERS
07/08/2098
 
TOP OF THE 1ST
West Virginia Black Bears batting - Pitching for Mahoning Valley Scrappers : RHP B.J. Williams
Pitching: RHP B.J. Williams
Batting: RHB Jeremy Root 0-0: Foul Ball, location: 25F
0-1: Swinging Strike
0-2: Ball
1-2: Ball
2-2: Strikes out looking
Batting: RHB Nick Schulz 0-0: Ball
1-0: Ball
2-0: Ground out 5-3 (Groundball, 5, EV 87.5 MPH)
Batting: LHB Alex Hernandez 0-0: Ball
1-0: Ball
2-0: Ground out 3-1 (Groundball, 34, EV 90.6 MPH)
Top of the 1st over - 0 runs, 0 hits, 0 errors, 0 left on base; West Virginia 0 - Mahoning Valley 0
BOTTOM OF THE 1ST
Mahoning Valley Scrappers batting - Pitching for West Virginia Black Bears : RHP Angelo Salas
Pitching: RHP Angelo Salas
Batting: RHB Jonathan Stewart 0-0: Ball
1-0: Foul Ball, location: 25F
1-1: Swinging Strike
1-2: Fly out, F9 (Flyball, 89XD, EV 101.9 MPH)
Batting: RHB George Leggett 0-0: Called Strike
0-1: Swinging Strike
0-2: Ball
1-2: SINGLE (Line Drive, 89S, EV 87.5 MPH)
Batting: RHB Justin Stevenson 0-0: Called Strike
0-1: Foul Ball, location: 25F
0-2: Foul Ball, location: 7LDF
0-2: Foul Ball, location: 25F
0-2: Fly out, F9 (Line Drive, 9S, EV 98.8 MPH)
Batting: LHB Max Schmidt 0-0: Ball
1-0: Fly out, F7 (Flyball, 78M, EV 93.8 MPH)
Bottom of the 1st over - 0 runs, 1 hit, 0 errors, 1 left on base; West Virginia 0 - Mahoning Valley 0
TOP OF THE 2ND
West Virginia Black Bears batting - Pitching for Mahoning Valley Scrappers : RHP B.J. Williams
Batting: RHB Shawn Atkin 0-0: Ball
1-0: SINGLE (Groundball, 56, EV 107.5 MPH)
Batting: SHB Mark Norlander 0-0: Ground out 6-3 (Groundball, 6M, EV 81.9 MPH)
Shawn Atkin to second
Batting: RHB Mario Sierra 0-0: Swinging Strike
0-1: Swinging Strike
0-2: Strikes out swinging
Batting: RHB Travis Harju 0-0: Called Strike
0-1: Swinging Strike
0-2: Ball
1-2: Ball
2-2: Strikes out swinging
Top of the 2nd over - 0 runs, 1 hit, 0 errors, 1 left on base; West Virginia 0 - Mahoning Valley 0
BOTTOM OF THE 2ND
Mahoning Valley Scrappers batting - Pitching for West Virginia Black Bears : RHP Angelo Salas
Batting: RHB Tony Cerezo 0-0: Ball
1-0: Ball
2-0: SINGLE (Line Drive, 8LS, EV 83.1 MPH)
Batting: RHB Brad Graves 0-0: Ball
1-0: Fly out, F8 (Flyball, 8LD, EV 103.1 MPH)
Batting: RHB Jerry Alvarado 0-0: Called Strike
0-1: Grounds into double play, 6-4-3 (Groundball, 56, EV 83.8 MPH)
Bottom of the 2nd over - 0 runs, 1 hit, 0 errors, 0 left on base; West Virginia 0 - Mahoning Valley 0
TOP OF THE 3RD
West Virginia Black Bears batting - Pitching for Mahoning Valley Scrappers : RHP B.J. Williams
Batting: RHB Jeff D'Ulisse 0-0: Ball
1-0: Ball
2-0: Fly out, F7 (Flyball, 78S, EV 90.6 MPH)
Batting: LHB Chris Daniel 0-0: Ground out 1-3 (Groundball, 34S, EV 74.4 MPH)
Batting: RHB Jeremy Root 0-0: Called Strike
0-1: Foul Ball, location: 25F
0-2: Ball
1-2: Ground out 6-3 (Groundball, 6, EV 105.6 MPH)
Top of the 3rd over - 0 runs, 0 hits, 0 errors, 0 left on base; West Virginia 0 - Mahoning Valley 0
BOTTOM OF THE 3RD
Mahoning Valley Scrappers batting - Pitching for West Virginia Black Bears : RHP Angelo Salas
Batting: RHB Greg Halcomb 0-0: Ball
1-0: Foul Ball, location: 2F
1-1: Ball
2-1: Fly out, F8 (Flyball, 8LM, EV 91.3 MPH)
Batting: RHB Ramon Ramires 0-0: Ball
1-0: Foul Ball, location: 3SF
1-1: Fly out, F8 (Flyball, 8LM, EV 84.4 MPH)
Batting: RHB Jonathan Stewart 0-0: Called Strike
0-1: Ball
1-1: Ball
2-1: Foul Ball, location: 9LDF
2-2: Ball
3-2: Base on Balls
Batting: RHB George Leggett 0-0: Ball
1-0: Ball
2-0: Called Strike
2-1: Ball
3-1: Base on Balls
Jonathan Stewart to second
Batting: RHB Justin Stevenson 0-0: Ball
1-0: Swinging Strike
1-1: SINGLE (Line Drive, 6D, EV 66.9 MPH)
Jonathan Stewart to third
George Leggett to second
Runner from 3rd tries for Home, SAFE, throw by CF to home
George Leggett to third
Justin Stevenson to second
Batting: LHB Max Schmidt 0-0: Ball
1-0: Swinging Strike
1-1: Foul Ball, location: 25F
1-2: Ground out U3 (Groundball, 3, EV 81.9 MPH)
Bottom of the 3rd over - 1 run, 1 hit, 0 errors, 2 left on base; West Virginia 0 - Mahoning Valley 1
TOP OF THE 4TH
West Virginia Black Bears batting - Pitching for Mahoning Valley Scrappers : RHP B.J. Williams
Batting: RHB Nick Schulz 0-0: Ball
1-0: Ball
2-0: Called Strike
2-1: Ball
3-1: Called Strike
3-2: Foul Ball, location: 3F
3-2: Base on Balls
Batting: LHB Alex Hernandez 0-0: Ball
1-0: Foul Ball, location: 2F
1-1: Ball
2-1: Fielders Choice at 2nd, 2-6 (Groundball, 2R, EV 70.6 MPH)
Batting: RHB Shawn Atkin 0-0: Called Strike
Alex Hernandez steals 2nd base
0-1: Ground out 5-3 (Groundball, 56S, EV 83.8 MPH)
Batting: SHB Mark Norlander 0-0: Called Strike
0-1: Ball
1-1: Ball
2-1: Ground out 6-3 (Groundball, 6M, EV 85.6 MPH)
Top of the 4th over - 0 runs, 0 hits, 0 errors, 1 left on base; West Virginia 0 - Mahoning Valley 1
BOTTOM OF THE 4TH
Mahoning Valley Scrappers batting - Pitching for West Virginia Black Bears : RHP Angelo Salas
Batting: RHB Tony Cerezo 0-0: Swinging Strike
0-1: Foul Ball, location: 9LMF
0-2: Ball
1-2: Ground out 4-3 (Groundball, 34D, EV 110.0 MPH)
Batting: RHB Brad Graves 0-0: Ball
1-0: Ball
2-0: Called Strike
2-1: DOUBLE (Flyball, 8RXD, EV 109.4 MPH)
Batting: RHB Jerry Alvarado 0-0: Ball
1-0: Foul Ball, location: 9LMF
1-1: Fly out, F4 (Popup, 4M, EV 63.8 MPH)
Batting: RHB Greg Halcomb 0-0: Ball
1-0: Ball
2-0: Ball
3-0: Called Strike
3-1: Base on Balls
Pitching: RHP Alexis Pena
Batting: RHB Ramon Ramires 0-0: Ball
1-0: Ball
2-0: Called Strike
2-1: Fly out, F8 (Flyball, 8RD, EV 82.5 MPH)
Bottom of the 4th over - 0 runs, 1 hit, 0 errors, 2 left on base; West Virginia 0 - Mahoning Valley 1
TOP OF THE 5TH
West Virginia Black Bears batting - Pitching for Mahoning Valley Scrappers : RHP B.J. Williams
Batting: RHB Mario Sierra 0-0: Ground out 5-3 (Groundball, 56S, EV 63.1 MPH)
Batting: RHB Travis Harju 0-0: Ball
1-0: Called Strike
1-1: Ball
2-1: Foul Ball, location: 9LMF
2-2: Strikes out swinging
Batting: RHB Jeff D'Ulisse 0-0: Called Strike
0-1: Ball
1-1: Swinging Strike
1-2: Ball
2-2: Strikes out swinging
Top of the 5th over - 0 runs, 0 hits, 0 errors, 0 left on base; West Virginia 0 - Mahoning Valley 1
BOTTOM OF THE 5TH
Mahoning Valley Scrappers batting - Pitching for West Virginia Black Bears : RHP Alexis Pena
Batting: RHB Jonathan Stewart 0-0: Ball
1-0: Swinging Strike
1-1: Swinging Strike
1-2: Foul Ball, location: 2F
1-2: Strikes out swinging
Batting: RHB George Leggett 0-0: Fly out, F7 (Flyball, 7D, EV 68.1 MPH)
Batting: RHB Justin Stevenson 0-0: Foul Ball, location: 2F
0-1: Called Strike
0-2: SINGLE (Groundball, 6MS, EV 71.9 MPH) (infield hit)
Batting: LHB Max Schmidt 0-0: Ball
1-0: Ball
2-0: Ball
3-0: Foul Ball, location: 2LF
3-1: Base on Balls
Justin Stevenson to second
Batting: RHB Tony Cerezo 0-0: Called Strike
0-1: Foul Ball, location: 9LDF
0-2: Foul Ball, location: 9LDF
0-2: Ball
1-2: Ball
2-2: Strikes out looking
Bottom of the 5th over - 0 runs, 1 hit, 0 errors, 2 left on base; West Virginia 0 - Mahoning Valley 1
TOP OF THE 6TH
West Virginia Black Bears batting - Pitching for Mahoning Valley Scrappers : RHP B.J. Williams
Batting: LHB Chris Daniel 0-0: Fly out, F7 (Flyball, 78M, EV 89.4 MPH)
Batting: RHB Jeremy Root 0-0: Ball
1-0: TRIPLE (Flyball, 8LXD, EV 110.6 MPH)
Batting: RHB Nick Schulz 0-0: Foul Ball, location: 9LDF
0-1: Ball
1-1: Fly out, F7 (Flyball, 78S, EV 77.5 MPH)
Batting: LHB Alex Hernandez 0-0: Foul Ball, location: 7LSF
0-1: Ball
1-1: Ground out 4-3 (Groundball, 4, EV 85.6 MPH)
Top of the 6th over - 0 runs, 1 hit, 0 errors, 1 left on base; West Virginia 0 - Mahoning Valley 1
BOTTOM OF THE 6TH
Mahoning Valley Scrappers batting - Pitching for West Virginia Black Bears : RHP Alexis Pena
Batting: RHB Brad Graves 0-0: Ball
1-0: Ball
2-0: Ball
3-0: Base on Balls
Batting: RHB Jerry Alvarado 0-0: Swinging Strike
0-1: Ground out 5-3 (Groundball, 5, EV 83.8 MPH)
Brad Graves to second
Batting: RHB Greg Halcomb 0-0: Ground out 5-3 (Groundball, 5S, EV 71.9 MPH)
Batting: RHB Ramon Ramires 0-0: Called Strike
0-1: Called Strike
0-2: Ball
1-2: Ball
2-2: Foul Ball, location: 5F
2-2: SINGLE (Line Drive, 4D, EV 98.8 MPH)
Brad Graves to third
Runner from 3rd tries for Home, SAFE, throw by CF to home
Ramon Ramires to second
Batting: RHB Jonathan Stewart 0-0: Ball
1-0: Swinging Strike
1-1: Foul Ball, location: 2F
1-2: Foul Ball, location: 2RF
1-2: Fly out, F8 (Flyball, 8RS, EV 80.0 MPH)
Bottom of the 6th over - 1 run, 1 hit, 0 errors, 1 left on base; West Virginia 0 - Mahoning Valley 2
TOP OF THE 7TH
West Virginia Black Bears batting - Pitching for Mahoning Valley Scrappers : RHP B.J. Williams
Batting: RHB Shawn Atkin 0-0: Foul Ball, location: 2F
0-1: Ball
1-1: Foul Ball, location: 3DF
1-2: Ground out 4-3 (Groundball, 4, EV 83.8 MPH)
Batting: SHB Mark Norlander 0-0: Called Strike
0-1: Ball
1-1: Ball
2-1: Ball
3-1: Base on Balls
Batting: RHB Mario Sierra 0-0: Foul Ball, location: 7LMFF
0-1: Ground out 6-3 (Groundball, P, EV 85.6 MPH)
Mark Norlander to second
Batting: RHB Travis Harju 0-0: Ball
1-0: Ball
2-0: Foul Ball, location: 2F
2-1: Swinging Strike
2-2: Ground out U3 (Groundball, 34S, EV 77.5 MPH)
Top of the 7th over - 0 runs, 0 hits, 0 errors, 1 left on base; West Virginia 0 - Mahoning Valley 2
BOTTOM OF THE 7TH
Mahoning Valley Scrappers batting - Pitching for West Virginia Black Bears : RHP Alexis Pena
Pitching: RHP Alfonso Lucero
Batting: RHB George Leggett 0-0: Ball
1-0: Ball
2-0: Ball
3-0: Called Strike
3-1: Base on Balls
Batting: RHB Justin Stevenson 0-0: Ball
1-0: Swinging Strike
1-1: Ball
2-1: Swinging Strike
2-2: Ball
3-2: Foul Ball, location: 9LMF
3-2: Foul Ball, location: 9LDF
3-2: Foul Ball, location: 2F
3-2: Strikes out swinging
Batting: LHB Max Schmidt 0-0: Ball
1-0: Called Strike
1-1: Fly out, F4 (Popup, 4, EV 63.8 MPH)
Batting: RHB Tony Cerezo 0-0: Foul Ball, location: 3F
0-1: Ball
1-1: Foul Ball, location: 9LMF
1-2: Fly out, F9 (Flyball, 9, EV 95.0 MPH)
Bottom of the 7th over - 0 runs, 0 hits, 0 errors, 1 left on base; West Virginia 0 - Mahoning Valley 2
TOP OF THE 8TH
West Virginia Black Bears batting - Pitching for Mahoning Valley Scrappers : RHP B.J. Williams
Batting: RHB Jeff D'Ulisse 0-0: Called Strike
0-1: Foul Ball, location: 2F
0-2: Ball
1-2: Foul Ball, location: 9LSF
1-2: Fly out, F6 (Popup, 6MS, EV 71.9 MPH)
Batting: LHB Chris Daniel 0-0: Swinging Strike
0-1: Ball
1-1: Foul Ball, location: 2F
1-2: Strikes out looking
Batting: RHB Jeremy Root 0-0: Swinging Strike
0-1: Called Strike
0-2: Ball
1-2: Foul Ball, location: 2F
1-2: Ball
2-2: Foul Ball, location: 5SF
2-2: Strikes out swinging
Top of the 8th over - 0 runs, 0 hits, 0 errors, 0 left on base; West Virginia 0 - Mahoning Valley 2
BOTTOM OF THE 8TH
Mahoning Valley Scrappers batting - Pitching for West Virginia Black Bears : RHP Alfonso Lucero
Pitching: LHP Eduardo Nieves
Batting: RHB Brad Graves 0-0: Called Strike
0-1: Foul Ball, location: 3F
0-2: Ball
1-2: Foul Ball, location: 2F
1-2: DOUBLE (Line Drive, 9LS, EV 108.8 MPH)
Batting: RHB Jerry Alvarado 0-0: Intentional Walk
Batting: RHB Greg Halcomb 0-0: Ball
1-0: Called Strike
1-1: Called Strike
1-2: Fly out, F8 (Flyball, 8LM, EV 87.5 MPH)
Batting: RHB Ramon Ramires 0-0: Ball
1-0: Ball
2-0: SINGLE (Groundball, 34D, EV 99.4 MPH)
Brad Graves to third
Jerry Alvarado to second
Runner from 3rd tries for Home, SAFE, throw by RF to home
Batting: RHB Jonathan Stewart 0-0: Foul Ball, location: 7LMFF
0-1: Hit by Pitch
Jerry Alvarado to third
Ramon Ramires to second
Batting: RHB George Leggett 0-0: Ball
1-0: Ball
2-0: Called Strike
2-1: Foul Ball, location: 23F
2-2: Strikes out swinging
Batting: RHB Justin Stevenson 0-0: Ball
1-0: Ball
2-0: Ball
3-0: Called Strike
3-1: GRAND SLAM HOME RUN (Flyball, 9D, EV 98.1 MPH), Distance : 374 ft
Pitching: LHP Israel Torres
Pinch Hitting: RHB Nolan George 0-0: Swinging Strike
0-1: Foul Ball, location: 9LMF
0-2: Strikes out swinging
Bottom of the 8th over - 5 runs, 3 hits, 0 errors, 0 left on base; West Virginia 0 - Mahoning Valley 7
TOP OF THE 9TH
West Virginia Black Bears batting - Pitching for Mahoning Valley Scrappers : RHP B.J. Williams
Pitching: RHP Will Hinton
Now at 2B: Nolan George
Now in LF: Jerry Alvarado
Now in RF: Jonathan Stewart
Batting: RHB Nick Schulz 0-0: Called Strike
0-1: Ball
1-1: Ball
2-1: DOUBLE (Groundball, 5L, EV 106.9 MPH)
Batting: LHB Alex Hernandez 0-0: Called Strike
0-1: Ball
1-1: Foul Ball, location: 2F
1-2: Strikes out swinging
Pinch Hitting: SHB Rogelio Vargas 0-0: Called Strike
0-1: Ground out 4-3 (Groundball, 34, EV 110.0 MPH)
Nick Schulz to third
Batting: SHB Mark Norlander 0-0: Ball
1-0: Ground out U3 (Groundball, 3L, EV 87.5 MPH)
Top of the 9th over - 0 runs, 1 hit, 0 errors, 1 left on base; West Virginia 0 - Mahoning Valley 7
Tuesday, April 9th , 2024 - OOTP Baseball 24.11 Build 85